AoeStats
← HR Pinkman

Pilgrims

510026412Analyzed
4v4 RM · 1d ago on Sep 29, 2026· 33m 35s· 8 players
Game mode
Random Map
Map size
Large (8 player)
Population
200
Speed
Normal
Resources
Standard
Victory
Conquest
Starting age
Dark Age
Ending age
Imperial Age
RankedLock teamsTeams togetherTeam positionsShared explorationLock speedFull tech treeHidden civsTurbo modeCheats
Victory
Defeat
🇨🇱 Persians · Chile
1895
+6
🇨🇱 Koreans · Chile
1796
+9
🇺🇸 Varangians · United States
1680
+12
🇫🇷 Italians · France
1626
+14
🇨🇳 Spanish · China
1649
-11
🇹🇼 Armenians · Taiwan
1639
-11
🇻🇳 Bulgarians · Vietnam
1632
-11
🇻🇳 Wu · Vietnam
1559
-8
timembh
4:42 Loom
12:58 Feudal Age
17:22 Castle Age
15:23 Double-Bit Axe
20:03 Bow Saw
21:01 Scale Mail Armor
28:11 Forging
Eagles_SlGiap
4:19 Loom
19:37 Feudal Age
22:00 Double-Bit Axe
30:47 Castle Age
30:24 Wheelbarrow
Bz_青红
11:22 Feudal Age
14:46 Castle Age
13:33 Double-Bit Axe
14:07 Horse Collar
14:18 Loom
14:18 Town Watch
22:02 Padded Archer Armor
27:05 Leather Archer Armor
27:01 Bow Saw
鼠條
1:21 Loom
12:04 Feudal Age
15:41 Wheelbarrow
16:18 Fletching
22:27 Castle Age
21:53 Gold Mining
23:20 Medium Warships
24:22 Bodkin Arrow
25:27 Ballistics
26:45 Fishing Lines
28:53 Horse Collar
31:14 Careening
DS_Gabo
7:42 Loom
10:54 Feudal Age
11:27 Double-Bit Axe
14:25 Forging
14:16 Fishing Lines
19:07 Castle Age
20:04 Medium Warships
20:16 Bow Saw
21:47 Fletching
23:16 Bodkin Arrow
EmmaWatchSon
8:57 Loom
10:47 Feudal Age
9:41 Loom
11:40 Town Watch
14:45 Castle Age
12:45 Double-Bit Axe
14:26 Fishing Lines
15:44 Bow Saw
15:26 Gillnets
17:24 Wheelbarrow
17:39 Fletching
18:34 Bodkin Arrow
18:55 Gold Mining
21:06 Ballistics
21:35 Padded Archer Armor
23:07 Leather Archer Armor
25:58 Hand Cart
25:24 Horse Collar
26:25 Thumb Ring
31:56 Imperial Age
33:40 Chemistry
32:43 Bracer
33:36 Ring Archer Armor
33:39 Conscription
HR Pinkman
3:00 Loom
26:05 Feudal Age
29:17 Castle Age
27:41 Double-Bit Axe
30:05 Bow Saw
29:35 Horse Collar
30:53 Wheelbarrow
31:38 Town Watch
33:05 Fletching
neromelnick
1:22 Loom
10:43 Feudal Age
12:24 Town Watch
13:15 Fishing Lines
17:06 Castle Age
15:20 Double-Bit Axe
15:17 Horse Collar
15:30 Gold Mining
15:46 Stone Mining
16:49 Wheelbarrow
18:01 Bow Saw
17:56 Gillnets
19:50 Hand Cart
27:54 Imperial Age
25:54 Scale Mail Armor
26:05 Forging
26:15 Heavy Plow
26:57 Chain Mail Armor
27:37 Squires
27:26 Arson
28:16 Elite Fire Lancer
29:51 Plate Mail Armor
30:37 Iron Casting
30:23 Conscription
31:04 Two-Man Saw
31:15 Coinage
31:22 Gold Shaft Mining
31:12 Ballistics
30:33 Treadmill Crane
31:04 Masonry
30:57 Fletching
32:49 Banking
32:30 Capped Ram
34:08 Bodkin Arrow
Connection lost

Rejoining the realm…

Still unreachable

The connection could not be restored.

Session expired

The server has moved on; the page needs a fresh start.